 Dungeon Crawl Stone Soup version 0.18.1-50-g88ac8fd (webtiles) character file.

1267 Gianozzolo the Transmogrifier (level 8, -2/64 HPs)
             Began as a Naga Transmuter on Nov 13, 2017.
             Was an Initiate of Cheibriados.
             Slain by Grinder (5 damage)
             ... on level 5 of the Dungeon.
             The game lasted 00:11:39 (5710 turns).

Gianozzolo the Transmogrifier (Naga Transmuter)     Turns: 5710, Time: 00:11:40

Health: -2/64      AC:  4    Str: 15    XL:     8   Next: 52%
Magic:  11/11      EV: 10    Int: 16    God:    Cheibriados [......]
Gold:   187        SH:  0    Dex: 12    Spells: 2 memorised, 3 levels left

rFire  . . .     SeeInvis +       - Unarmed
rCold  + . .     Gourm    .     b - +0 robe
rNeg   . . .     Faith    .     (no shield)
rPois  +         Spirit   .     (no helmet)
rElec  .         Dismiss  .     (no cloak)
rCorr  .         Reflect  .     B - +0 pair of gloves
SustAt .         Harm     .     (no barding)
MR     +....                    t - amulet of rage
Stlth  +.........               (no ring)
                                y - ring of protection from cold

@: very slow, somewhat resistant to hostile enchantments, very unstealthy
A: see invisible, blink, deformed body, poison resistance, slowness 2, slow
metabolism 1, spit poison 2, AC +2
a: Spit Poison, Blink, Bend Time, Renounce Religion, Evoke Berserk Rage


You were on level 5 of the Dungeon.
You worshipped Cheibriados.
Cheibriados was noncommittal.
You were not hungry.

You visited 1 branch of the dungeon, and saw 6 of its levels.

You collected 187 gold pieces.

Inventory:

Armour
 b - a +0 robe (worn)
 B - a +0 pair of gloves (worn)
Jewellery
 t - an amulet of rage (around neck)
 y - a ring of protection from cold (left hand)
Wands
 i - a wand of lightning (10/15)
 A - a wand of lightning (7/15)
Scrolls
 g - a scroll of recharging {unknown}
 j - a scroll of amnesia
 k - 3 scrolls of remove curse
 o - a scroll of random uselessness {unknown}
 p - a scroll of enchant weapon {unknown}
 q - a scroll of fear
 u - a scroll of fog {unknown}
 w - a scroll of noise {unknown}
 z - 2 scrolls of enchant armour {unknown}
Potions
 a - a potion of resistance
 e - a potion of flight {unknown}
 l - 2 potions of heal wounds
 v - 2 potions of curing
 x - 2 potions of might {unknown}
 D - a potion of lignification {unknown}
Books
 c - a book of Changes

   Spells                             Type                      Level
   a - Beastly Appendage              Transmutation                1
   b - Sticks to Snakes               Transmutation                2
   c - Spider Form                    Transmutation/Poison         3
   d - Ice Form                       Ice/Transmutation            4
   e - Blade Hands                    Transmutation                5
 m - a book of Minor Magic

   Spells                             Type                      Level
   a - Magic Dart                     Conjuration                  1
   b - Blink                          Translocation                2
   c - Call Imp                       Summoning                    2
   d - Repel Missiles                 Charms/Air                   2
   e - Slow                           Hexes                        2
   f - Conjure Flame                  Conjuration/Fire             3
   g - Mephitic Cloud                 Conjuration/Poison/Air       3
Comestibles
 d - 3 bread rations
 f - a royal jelly
 h - 3 beef jerkies
 n - 3 meat rations
 r - 2 slices of pizza
 s - 4 fruits


   Skills:
 - Level 1.0 Fighting
 - Level 1.5 Dodging
 - Level 6.0 Unarmed Combat
 - Level 2.0 Spellcasting
 * Level 8.6 Transmutations
 - Level 2.1 Poison Magic


You had 3 spell levels left.
You knew the following spells:

 Your Spells              Type           Power        Failure   Level  Hunger
b - Spider Form           Trmt/Pois      ###.......   10%         3    ###....
c - Blade Hands           Trmt           ####......   17%         5    ######.


Dungeon Overview and Level Annotations

Branches:
Dungeon (6/15)
 Temple: D:4-7

Altars:
Cheibriados
Zin

Shops:
D:6 =

Annotations:
D:5 Grinder
D:6 Menkaure


Innate Abilities, Weirdness & Mutations

You cannot wear boots.
Your serpentine skin is tough (AC +2).
You have supernaturally acute eyesight.
Armour fits poorly on your strangely shaped body.
Your system is resistant to poisons.
You cover ground very slowly.
You have a slow metabolism.
You can spit poison.
You can translocate small distances at will.


Message History

Grinder is heavily wounded.
You hit Grinder.
Grinder is heavily wounded.
Grinder closely misses you.
You completely miss Grinder.
Grinder is heavily wounded.
Grinder says, "You look like you could use a good racking."
Grinder hits you!
* * * LOW HITPOINT WARNING * * *
You writhe in agony.
* * * LOW HITPOINT WARNING * * *
Casting: Spider Form
Confirm with . or Enter, or press ? or * to list all spells.
You don't know that spell.
You hit Grinder.
Grinder is heavily wounded.
Grinder hits you!
* * * LOW HITPOINT WARNING * * *
You writhe in agony.
You die...

#.........###........
#....................
#..)......###.#.#.###
#.........###.#.#.###
#..............<#....
##......##...........
####....##...........
#..[5...##...........
#...@................
#....[...............
#....................
####)................
#..................
######.........##....###
#..............##......#
#.####.........##......#
#.#....................#


You could see Grinder.

Vanquished Creatures
  A two-headed ogre (D:4)
  Sigmund (D:2)
  Duvessa (D:5)
  An ice beast (D:4)
  A sky beast (D:5)
  A necrophage (D:5)
  Dowan (D:5)
  A quasit (D:5)
  A giant frog zombie (D:6)
  Natasha (D:2)
  2 orc wizards
  4 worker ants
  A killer bee zombie (D:6)
  A hound zombie (D:5)
  4 gnolls (D:3)
  5 adders
  2 shadow imps
  An ooze (D:1)
  A worm (D:2)
  3 dart slugs
  5 giant geckos
  5 orcs
  3 bats
  3 giant cockroaches
  7 goblins
  13 hobgoblins
  10 jackals
  10 kobolds
  4 quokkas
  A ball python (D:2)
  5 giant newts
  9 rats
109 creatures vanquished.

Notes
Turn   | Place    | Note
--------------------------------------------------------------
     0 | D:1      | Gianozzolo the Naga Transmuter began the quest for the Orb.
     0 | D:1      | Reached XP level 1. HP: 18/18 MP: 3/3
   157 | D:1      | Reached XP level 2. HP: 15/25 MP: 3/5
   530 | D:1      | Reached skill level 3 in Transmutations
   851 | D:1      | Reached XP level 3. HP: 20/31 MP: 4/6
   856 | D:1      | Learned a level 3 spell: Spider Form
  1244 | D:1      | Reached skill level 1 in Poison Magic
  1328 | D:2      | Reached XP level 4. HP: 26/38 MP: 3/7
  1946 | D:2      | Found a faded altar to an unknown god.
  1991 | D:2      | Noticed Natasha
  1997 | D:2      | Killed Natasha
  2448 | D:2      | Noticed Sigmund
  2463 | D:2      | Killed Sigmund
  2463 | D:2      | Reached skill level 5 in Transmutations
  2463 | D:2      | Reached XP level 5. HP: 22/44 MP: 5/8
  2463 | D:2      | Reached XP level 6. HP: 25/51 MP: 5/9
  2471 | D:2      | Learned a level 5 spell: Blade Hands
  3360 | D:3      | Found a glowing silver altar of Zin.
  3596 | D:4      | Noticed an ice beast
  3620 | D:4      | Killed an ice beast
  3620 | D:4      | Reached skill level 5 in Unarmed Combat
  3620 | D:4      | Reached skill level 6 in Transmutations
  3620 | D:4      | Reached XP level 7. HP: 5/57 MP: 7/10
  3939 | D:4      | Noticed a two-headed ogre
  3953 | D:4      | Killed a two-headed ogre
  4025 | D:4      | Found a snail-covered altar of Cheibriados.
  4326 | D:4      | Gained mutation: You can translocate small distances at will. [potion of beneficial mutation]
  4358 | D:5      | Entered Level 5 of the Dungeon
  4401 | D:5      | Reached skill level 7 in Transmutations
  4401 | D:5      | Reached XP level 8. HP: 64/64 MP: 7/11
  4564 | D:5      | Noticed Duvessa
  4573 | D:5      | Killed Duvessa
  4578 | D:5      | Noticed Dowan
  4586 | D:5      | Killed Dowan
  4859 | D:4      | Became a worshipper of Cheibriados the Contemplative
  5188 | D:6      | Found Lampo's Jewellery Shop.
  5309 | D:5      | Reached skill level 8 in Transmutations
  5406 | D:6      | Noticed Menkaure
  5700 | D:6      | Noticed Grinder
  5710 | D:5      | HP: 3/64 [Grinder (9)]
  5710 | D:5      | Slain by Grinder

Skill      XL: |  1  2  3  4  5  6  7  8 |
---------------+-------------------------+-----
Transmutations | 3 5 6 7 8 |  8.6
Poison Magic   | 1 2 |  2.1
Unarmed Combat | 4 5 6 |  6.0
Fighting       | |  1.0
Dodging        | |  1.5
Spellcasting   | |  2.0

Action                   |  1- 3 |  4- 6 |  7- 9 || total
-------------------------+-------+-------+-------++-------
Melee: Unarmed           |   108 |   191 |   102 ||   401
       Headbutt          |     9 |     7 |     1 ||    17
       Punch             |       |     1 |       ||     1
 Cast: Beastly Appendage |    17 |    15 |     3 ||    35
       Spider Form       |     3 |    10 |    10 ||    23
 Abil: Spit Poison       |     8 |    12 |     6 ||    26
  Use: Scroll            |       |       |     9 ||     9
       Potion            |       |       |     2 ||     2
 Stab: Sleeping          |     1 |       |       ||     1
  Eat: Chunk             |     2 |     8 |     8 ||    18
Armor: Robe              |    14 |    26 |    20 ||    60
       Skin              |       |     2 |     5 ||     7
Dodge: Dodged            |    65 |   126 |    89 ||   280
